cohdb
Replays
Latest Replays
All Replays
Popular Replays
Top Player Replays
Match Explorer
How It Works
Community
CoH3 Stats
Reddit
Sign in to upload your games and track your stats! →
Sign in with Steam
Match 36608590
Unlisted
Match 36608590
Overview
Messages
Build Orders
End
Selects Italian Combined Arms Battlegroup
Selects Bersaglieri Squad
Bersaglieri Squad
Panzerpioneer Squad
Bersaglieri Squad
Construct Light Support Kompanie
Bersaglieri Squad
Fire Support Elements
2.5-tonne Medical Truck
Selects Bersaglieri Bolster
Bersaglieri Squad
Pak 38 Mechanized Group
le.IG 18 Support Gun Team
Selects Breda Model 30 Light Machine Guns
Construct Panzerarmee Kommand
Panzer III L Medium Tank
Pak 38 Mechanized Group
Selects Semovente da 75/18 Assault Gun
Armored Reserves
Panzer IV Assault Group
Selects Strafing Run
Selects Artillery Cover
Artillery Cover
UH|dun! ツ
UH|XTC
iceman
Jack Lumber
paavali
Piikivirotta
0
0
Comments
sign in to comment!
No comments posted yet!